Map: Cyber Forest LE

Players

Samwise - Winner!

  • Race: Protoss Protoss
  • League: Platinum
  • Spawn Location: 11:00

A.I. 1 (Elite)

  • Race: Zerg Zerg
  • Spawn Location: 5:00

VOD

Have the link to the VOD?

Description

Time

  • Played on: Sept. 1, 2019, 1:15 p.m.
  • Length: 7:23
Show
View Real Time Build Order
Export as new Build Order

Samwise Protoss - Winner!

Build Orders: 1 Gate Expand 

Get SALT Encoding   

  12  0:01  Probe  
  13  0:13  Probe  
  14  0:23  Pylon  
  14  0:25  Probe  
  15  0:39  Probe  
  16  0:44  Gateway  
  16  0:47  Probe  
  16  0:52  Assimilator  
  16  0:55  Probe  
  18  1:07  Probe  
  19  1:19  Probe  
  20  1:27  Nexus  
  20  1:38  Cybernetics Core  
  20  1:40  Probe  
  21  1:48  Assimilator  
  21  1:52  Probe  
  22  1:55  Pylon  
  22  2:04  Probe  
  22  2:05  Stalker  
  23  2:15  Warp Gate  
  25  2:25  Probe  
  26  2:34  Adept  
  28  2:37  Probe  
  28  2:40  Robotics Facility  
  28  2:41  Probe  
  30  2:49  Probe  
  30  2:51  Probe  
  31  2:53  Gateway  
  32  2:59  Probe  
  32  3:01  Probe  
  32  3:05  Sentry  
  36  3:07  Probe  
  37  3:13  Probe  
  37  3:19  Probe  
  39  3:23  Twilight Council  
  39  3:25  Probe  
  40  3:29  Pylon  
  40  3:33  Warp Prism  
  42  3:37  Probe  
  42  3:38  Probe  
  44  3:49  Resonating Glaives  
  44  3:53  Gateway  
  44  3:56  Pylon  
  44  3:59  Pylon  
  44  4:09  Immortal  
  48  4:21  Gateway  
  48  4:22  Gateway  
  48  4:25  Gateway  
  48  4:27  Sentry  
  48  4:28  Stalker  
  52  4:46  Immortal, Gateway  
  56  5:05  Sentry  
  56  5:06  Gateway, Adept  
  60  5:20  Adept x3  
  66  5:42  Pylon  
  66  5:44  Pylon  
  66  5:46  Pylon, Adept x2  
  66  5:49  Pylon  
  70  5:50  Pylon  
  70  6:04  Adept x2  
  70  6:05  Adept x4  
  70  6:06  Adept  
  80  6:40  Adept x3  
  80  6:41  Adept x5  
  92  7:14  Adept x4  
  92  7:15  Adept x4  
Show
View Real Time Build Order
Export as new Build Order

A.I. 1 (Elite) Zerg 

Build Orders: Hatch First 

Get SALT Encoding   

  12  0:00  Drone  
  13  0:12  Overlord  
  13  0:17  Drone  
  14  0:30  Drone x2  
  14  0:34  Drone  
  17  0:53  Hatchery  
  17  0:55  Drone  
  17  1:12  Spawning Pool  
  17  1:14  Extractor  
  17  1:16  Drone  
  16  1:21  Drone  
  16  1:25  Drone  
  18  1:29  Drone  
  19  1:38  Overlord  
  19  1:49  Drone  
  20  1:59  Zergling x2  
  20  2:01  Queen  
  23  2:04  Drone  
  24  2:17  Queen  
  24  2:21  Drone  
  27  2:33  Roach Warren  
  27  2:35  Extractor, Drone  
  26  2:39  Drone  
  27  2:45  Overlord  
  27  2:49  Drone  
  28  2:52  Drone  
  28  2:56  Drone  
  28  2:58  Drone  
  31  3:01  Drone  
  31  3:05  Zergling x2  
  33  3:08  Zergling x2  
  34  3:13  Roach  
  34  3:17  Roach  
  38  3:21  Roach  
  38  3:25  Roach  
  43  3:27  Drone  
  43  3:30  Drone  
  44  3:36  Overlord  
  44  3:42  Lair  
  44  3:46  Metabolic Boost  
  44  3:54  Drone x2  
  46  3:56  Drone  
  46  3:59  Drone  
  46  4:01  Drone  
  49  4:03  Drone  
  49  4:06  Drone  
  49  4:09  Overlord  
  51  4:12  Drone  
  51  4:16  Evolution Chamber  
  51  4:18  Drone  
  51  4:22  Evolution Chamber, Drone  
  52  4:28  Drone x2  
  54  4:32  Drone  
  54  4:34  Drone  
  54  4:35  Drone  
  54  4:37  Drone  
  58  4:43  Infestation Pit, Drone  
  58  4:44  Zerg Missile Weapons Level 1  
  58  4:48  Zerg Ground Armor Level 1  
  58  4:51  Overlord  
  58  4:54  Overlord  
  58  4:56  Drone  
  58  4:58  Zergling x2  
  60  5:09  Drone x2  
  60  5:10  Hydralisk Den, Drone  
  60  5:11  Drone  
  60  5:12  Drone, Extractor  
  63  5:14  Drone  
  64  5:21  Infestor  
  64  5:22  Overlord  
  64  5:23  Extractor  
  64  5:26  Roach  
  67  5:31  Roach  
  67  5:35  Drone x3  
  70  5:36  Roach  
  70  5:40  Roach  
  70  5:41  Overlord  
  76  5:47  Drone x3, Hydralisk  
  81  5:51  Hydralisk  
  83  5:59  Hydralisk  
  83  6:02  Overlord, Hydralisk  
  87  6:09  Infestor  
  91  6:11  Roach  
  91  6:12  Zergling x2  
  91  6:15  Zergling x2, Hatchery  
  84  6:19  Zergling x2, Roach x2  
  84  6:21  Roach  
  81  6:25  Roach  
  81  6:31  Hydralisk  
  75  6:34  Zergling x2, Roach, Hydralisk  
  80  6:41  Hydralisk  
  80  6:44  Drone  
  73  6:48  Roach  
Tags
 
Add a new tag
Caveats
  • Supply blocks, unpowered buildings, or Contaminate may cause inaccurate times.
  • Supply counts are checked every 10 seconds.